 Dungeon Crawl Stone Soup version 0.27.1-34-g3ba077fa99 (webtiles) character file.

Game seed: 1610084689983738273

177696 KrombopulosMichael the Warrior (level 18, -10/156 HPs)
             Began as a Formicid Fighter on Jan 14, 2022.
             Hit by a silver javelin thrown by a merfolk javelineer (19 damage)
             ... on level 4 of the Shoals on Jan 15, 2022.
             The game lasted 01:50:08 (34778 turns).

KrombopulosMichael the Warrior (Formicid Fighter)  Turns: 34778, Time: 01:50:09

Health: -10/156    AC: 37    Str: 33      XL:     18   Next: 49%
Magic:  19/19      EV: 10    Int: 12 (13) God:
Gold:   1345       SH: 21    Dex: 18      Spells: 10/18 levels left

rFire    . . .     SeeInvis +   A - +6 quick blade (drain)
rCold    + . .     Faith    .   W - +0 kite shield {rC+}
rNeg     . . .     Spirit   .   M - +6 crystal plate armour
rPois    .         Reflect  +   (helmet unavailable)
rElec    +         Harm     .   e - +1 cloak
rCorr    .         Rampage  .   y - +2 pair of gloves {Str+3}
Will     +....                  V - +1 pair of boots of Unreason {rElec Str+2 Int+4}
Stlth    ..........             r - amulet of reflection
HPRegen  0.36/turn              f - +6 ring of dexterity
MPRegen  0.16/turn              I - +6 ring of strength

@: no status effects
A: permanent stasis, dig shafts and tunnels, antennae 3, four strong arms,
clumsy 2, deterioration 1, subdued magic 1
}: 1/15 runes: barnacled
a: Dig, Shaft Self


You were on level 4 of the Shoals.
You visited 5 branches of the dungeon, and saw 28 of its levels.
You also visited: Bailey, Gauntlet and Ice Cave.

You collected 4992 gold pieces.
You spent 3647 gold pieces at shops.

Inventory:

Hand Weapons
 a - a +2 long sword of flaming
 A - a +6 quick blade of draining (weapon)
 N - the +9 hunting sling of the Extremely Mad {vorpal, rElec rN+ Int+6 Dex-4}
   (You found it on level 6 of the Lair of Beasts)

   Any ammunition fired from it inflicts extra damage upon your enemies.
   Int:       It affects your intelligence (+6).
   Dex:       It affects your dexterity (-4).
   rElec:     It insulates you from electricity.
   rN:        It protects you from negative energy.
Missiles
 i - 27 silver javelins
 k - 19 javelins (quivered)
 o - 3 throwing nets
 P - 145 sling bullets
Armour
 d - a +1 ring mail of fire resistance
 e - a +1 cloak (worn)
 q - a +1 pair of gloves of archery
 y - a +2 pair of gloves of strength (worn)
 D - +0 acid dragon scales
 M - a +6 crystal plate armour (worn)
 S - the +8 ice dragon scales of Finijow {rF- rC++ Str+7}
   (You found it in an ice cave)

   Str:       It affects your strength (+7).
   rF:        It makes you vulnerable to fire.
   rC:        It greatly protects you from cold.
 V - the +1 pair of boots of Unreason (worn) {rElec Str+2 Int+4}
   (You found it in an ice cave)

   Str:       It affects your strength (+2).
   Int:       It affects your intelligence (+4).
   rElec:     It insulates you from electricity.
 W - a +0 kite shield of cold resistance (worn)
Magical Staves
 w - a staff of fire
Jewellery
 f - a +6 ring of dexterity (left hand)
 h - the ring of Existentialism {Will+ Dex+3}
   (You took it off an ogre mage on level 15 of the Dungeon)

   [ring of willpower]

   Dex:       It affects your dexterity (+3).
   Will:      It increases your willpower.
 r - an amulet of reflection (around neck)
 E - the ring "Raaneach" {Fly rN+}
   (You found it in an ice cave)

   [ring of flight]

   rN:        It protects you from negative energy.
   Fly:       It grants you flight.
 I - a +6 ring of strength (right hand)
 T - a +6 ring of dexterity
 Y - an amulet of regeneration
Wands
 b - a wand of mindburst (10)
 l - a wand of acid (4)
 m - a wand of flame (36)
 x - a wand of charming (10)
 G - a wand of paralysis (32)
 H - a wand of iceblast (21)
 J - a wand of digging (18)
Scrolls
 n - 2 scrolls of fear
 p - 2 scrolls of silence
 t - 6 scrolls of amnesia
 C - 3 scrolls of noise
 K - 2 scrolls of summoning
 O - 4 scrolls of identify
 Q - 3 scrolls of fog
 R - 2 scrolls of brand weapon
 X - a scroll of immolation
Potions
 c - 3 potions of heal wounds
 g - 8 potions of curing
 j - 4 potions of brilliance
 s - 2 potions of cancellation
 u - 2 potions of resistance
 v - 4 potions of invisibility
 B - 3 potions of lignification
 F - 2 potions of magic
 L - 4 potions of flight
 U - 3 potions of mutation
 Z - a potion of attraction
Miscellaneous
 z - a piece from Xom's chessboard (15/15)


   Skills:
 * Level 17.9 Fighting
 * Level 17.8(18.3) Short Blades
 - Level 8.0(14.0) Long Blades
 + Level 0.2(3.1) Slings
 + Level 4.6(4.7) Throwing
 * Level 13.7 Armour
 + Level 6.6 Dodging
 + Level 6.8 Stealth
 - Level 15.7 Shields
 + Level 0.8 Spellcasting
 + Level 1.2 Necromancy
 * Level 8.3 Evocations


You had 10 spell levels left.
You knew the following spells:

 Your Spells              Type           Power      Damage    Failure   Level
a - Animate Skeleton      Necr           4%         N/A       93%         1
b - Dispel Undead         Necr           2%         3d7       100%        4
c - Mephitic Cloud        Conj/Pois/Air  0%         N/A       100%        3

Your spell library contained the following spells:

 Spells                   Type           Power      Damage    Failure   Level
 Sublimation of Blood     Necr           1%         N/A       98%         2
 Apportation              Tloc           0%         N/A       99%         1
 Corona                   Hex            0%         N/A       99%         1
 Magic Dart               Conj           0%         1d3       99%         1
 Shock                    Conj/Air       0%         1d3       99%         1
 Summon Small Mammal      Summ           0%         N/A       99%         1
 Corpse Rot               Necr/Air       N/A        N/A       99%         2
 Ensorcelled Hibernation  Hex/Ice        0%         N/A       99%         2
 Poisonous Vapours        Pois/Air       0%         N/A       99%         2
 Searing Ray              Conj           0%         3d3       99%         2
 Static Discharge         Conj/Air       0%         N/A       99%         2
 Wereblood                Tmut           0%         N/A       99%         2
 Call Canine Familiar     Summ           0%         N/A       100%        3
 Conjure Flame            Conj/Fire      0%         6-21      100%        3
 Dazzling Flash           Conj/Hex       0%         N/A       100%        3
 Frozen Ramparts          Ice            0%         1d2       100%        3
 Gell's Gravitas          Tloc           0%         N/A       100%        3
 Ignite Poison            Fire/Tmut/Pois 0%         N/A       100%        3
 Lesser Beckoning         Tloc           0%         N/A       100%        3
 Spider Form              Tmut/Pois      0%         N/A       100%        3
 Teleport Other           Tloc           0%         N/A       100%        3
 Tukima's Dance           Hex            0%         N/A       100%        3
 Vampiric Draining        Necr           1%         2d6       100%        3
 Airstrike                Air            0%         N/A       100%        4
 Animate Dead             Necr           1%         N/A       100%        4
 Fulminant Prism          Conj/Hex       0%         3d6       100%        4
 Iskenderun's Mystic Bla  Conj/Tloc      0%         2d3       100%        4
 Olgreb's Toxic Radiance  Pois           0%         N/A       100%        4
 Sticky Flame             Conj/Fire      0%         2d3       100%        4
 Agony                    Necr           2%         N/A       100%        5
 Bolt of Magma            Conj/Fire/Erth 0%         4d4       100%        5
 Borgnjor's Vile Clutch   Necr/Erth      0%         N/A       100%        5
 Freezing Cloud           Conj/Ice/Air   0%         6-21      100%        5
 Silence                  Hex/Air        0%         N/A       100%        5
 Death Channel            Necr           1%         N/A       100%        6
 Shadow Creatures         Summ           N/A        N/A       100%        6
 Simulacrum               Ice/Necr       0%         N/A       100%        6
 Starburst                Conj/Fire      0%         6d3       100%        6
 Haunt                    Necr/Summ      0%         N/A       100%        7
 Ozocubu's Refrigeration  Ice            0%         4d5       100%        7
 Summon Hydra             Summ           0%         N/A       100%        7
 Borgnjor's Revivificati  Necr           1%         N/A       100%        8
 Ignition                 Fire           0%         3d3       100%        8
 Infestation              Necr           1%         N/A       100%        8
 Swiftness                Air            Unusable   N/A       N/A         3

Dungeon Overview and Level Annotations

Branches:
Dungeon (15/15)            Temple (1/1) D:5            Lair (6/6) D:10
 Shoals (4/4) Lair:2       Spider (0/4) Lair:2        Slime (0/5) Lair:6
    Orc (2/2) D:12            Elf (0/3) Orc:2        Vaults (0/5) D:14
 Depths (0/5) D:15         Bailey (visited)           IceCv (visited)
Gauntlet (visited)

Altars:
Ashenzari
Cheibriados
Dithmenos
Elyvilon
Fedhas
Gozag
Hepliaklqana
Kikubaaqudgha
Makhleb
Nemelex Xobeh
Okawaru
Qazlal
Ru
Sif Muna
Trog
Uskayaw
Vehumet
Wu Jian
Xom
Yredelemnul
Zin
The Shining One
Beogh

Shops:
D:2 [   D:7 *   Orc:2 ([[:

Portals:
Trove: D:12 (give 6 scrolls of fog)


Innate Abilities, Weirdness & Mutations

You cannot be hasted, slowed, berserked, paralysed or teleported.
You can dig through walls and to a lower floor.
You have a pair of large antennae on your head. (SInv)
Your four strong arms can wield two-handed weapons with a shield.
You are very clumsy. (Dex -4)
Your body sometimes deteriorates upon taking damage.
Your spells are a little easier to cast, but a little less powerful.


Message History

* * * LOW HITPOINT WARNING * * *
Your manticore completely misses the merfolk impaler.
Your manticore claws the merfolk impaler.
Your manticore claws the merfolk impaler!
Unknown command.
Unknown command.
Aiming: Charm
Press: ? - help, Shift-Dir - straight line, f/p - merfolk impaler
Aim: a merfolk impaler, wielding a +0 trident and wearing a +0 robe (heavily wounded, ally target, chance to affect: 51%)
The merfolk impaler is charmed.
You block the merfolk impaler's attack.
The merfolk javelineer throws a silver javelin.
The silver javelin pierces through you.
* * * LOW HITPOINT WARNING * * *
The silver sears you!
* * * LOW HITPOINT WARNING * * *
You block the merfolk impaler's attack.
The water nymph touches your snapping turtle.
Unknown command.
Unknown command.
Unknown command.
You retract your mandibles.
You extend your mandibles.
You dig through the rock wall.
The merfolk javelineer throws a silver javelin.
The silver javelin pierces through your merfolk impaler!!
The silver javelin pierces through you!
* * * LOW HITPOINT WARNING * * *
The silver sears you!
* * * LOW HITPOINT WARNING * * *
Unknown command.
You dig through the rock wall.
A merfolk javelineer comes into view. It is wielding a +2 spear of venom.
The merfolk javelineer shouts!
The merfolk javelineer throws a javelin.
The javelin closely misses you.
The merfolk javelineer throws a silver javelin.
The silver javelin pierces through your merfolk impaler!!
Your merfolk impaler dies!
The silver javelin pierces through you!!
You die...

≈≈≈≈≈≈≈≈≈≈≈≈≈≈≈≈
≈≈≈≈≈≈≈≈≈≈≈≈≈≈≈≈≈≈≈
≈≈≈≈≈≈≈≈≈≈≈≈≈≈≈≈≈≈≈
≈≈≈≈≈≈≈≈≈≈≈≈≈≈≈≈≈≈≈
≈≈≈≈≈≈≈...≈≈≈≈≈≈≈≈≈
≈≈≈≈≈≈≈ #.≈≈≈≈≈≈≈≈≈
≈≈≈≈≈≈≈.###≈≈≈≈≈≈≈≈≈
≈≈≈≈m≈≈.###{m≈≈≈≈≈≈≈
#.≈≈≈≈≈≈.@##m≈≈≈≈≈≈≈≈
#.≈≈≈≈≈≈.#)tH)≈≈≈≈≈≈≈
#.≈≈≈≈≈≈(..H≈≈≈≈≈≈≈≈≈
#.≈≈≈≈≈≈≈≈≈t≈≈≈≈≈≈≈≈≈
#.≈≈≈≈≈≈≈≈≈≈≈≈≈≈≈≈≈≈≈
#..≈≈≈≈≈≈≈≈≈≈≈≈≈≈≈≈≈≈
#.≈≈≈≈≈≈)≈≈≈≈≈≈≈≈≈≈≈≈
...≈P≈≈≈≈≈m≈≈≈≈≈≈≈≈≈≈
..P..≈≈P≈≈.#.≈≈≈≈P≈≈


You could see 2 merfolk javelineers, a friendly alligator snapping turtle
(summoned), a friendly snapping turtle (summoned) and 2 friendly manticores.

Vanquished Creatures
  A shard shrike (IceCv)
  Rupert (D:15)
  Ilsuiw (Shoals:2)
  The ghost of Fousur the Fencer, an adept FoFi of Okawaru (Orc:1)
  Azrael (D:15)
  A white draconian (IceCv)
  A minotaur (Gauntlet)
  Snorg (Orc:2)
  9 merfolk impalers
  2 merfolk javelineers
  2 fire dragons (D:15)
  An ice dragon (IceCv)
  2 boulder beetles
  5 hydras
  4 ironbound frosthearts (IceCv)
  A catoblepas (Lair:3)
  10 centaur warriors
  3 ogre magi (D:15)
  2 alligator snapping turtles
  2 merfolk aquamancers
  14 two-headed ogres
  2 dancing weapons (D:14)
  2 death yaks (Lair:5)
  A death knight (D:13)
  6 tengu warriors
  4 satyrs
  A soul eater (Gauntlet)
  6 sea snakes
  An orange crystal statue (IceCv)
  17 harpies
  A deep elf pyromancer (D:13)
  5 orc knights
  An oklob plant (Lair:6)
  24 ugly things
  7 fauns
  3 cyclopes
  10 manticores
  Maurice (D:11)
  A rust devil (D:7)
  5 black mambas
  15 merfolk sirens
  9 cane toads
  2 water nymphs (Shoals:3)
  3 gargoyles
  A torpor snail (Lair:5)
  An unseen horror (D:12)
  A kobold demonologist (D:13)
  16 rime drakes
  A tengu conjurer (D:12)
  A yaktaur (shapeshifter) (D:13)
  16 komodo dragons
  5 yaktaurs (D:15)
  An efreet (D:14)
  A jumping spider (Lair:2)
  A wind drake (shapeshifter) (D:14)
  7 trolls
  21 merfolk
  7 hornets
  21 polar bears
  6 slime creatures
  A meliai (shapeshifter) (D:13)
  Prince Ribbit (Lair:1)
  5 wind drakes
  4 snapping turtles
  18 blink frogs
  A raiju (shapeshifter) (D:15)
  A raiju (Gauntlet)
  4 dream sheep (Shoals:2)
  12 flying skulls (Gauntlet)
  6 wyverns
  A ynoxinul (D:8)
  Sigmund (D:4)
  2 vampires
  A wraith (D:12)
  15 spriggans (Lair:6)
  3 basilisks
  2 fire elementals (D:15)
  8 water elementals
  44 yaks
  4 steam dragons
  A redback simulacrum (D:15)
  7 vampire mosquitoes (D:14)
  7 wargs
  13 water moccasins
  4 hell hounds (D:15)
  An acid dragon (D:10)
  40 orc warriors
  An ice beast (D:7)
  2 sky beasts (D:7)
  4 black bears
  23 wolves
  4 boggarts (Lair:6)
  A necrophage (D:6)
  12 ogres
  27 centaurs
  2 kobold brigands
  5 bullfrogs
  2 scorpions
  4 wights
  An electric eel (Lair:6)
  3 howler monkeys
  5 centaur zombies
  4 hounds
  2 orc priests
  5 jellies
  Crazy Yiuf (D:3)
  2 centaur skeletons
  Jessica (D:3)
  Ijyb (D:3)
  2 iguanas
  4 orc wizards
  A statue (D:12)
  A killer bee zombie (D:8)
  2 hound skeletons (D:4)
  7 adders
  2 shadow imps (Gauntlet)
  2 worms (D:2)
  3 dart slugs
  76 orcs
  6 bats
  10 endoplasms
  3 giant cockroaches
  10 goblins
  5 hobgoblins
  15 jackals
  4 quokkas
  9 ball pythons
  A frilled lizard (D:1)
  13 kobolds
  13 rats
  A bush (Lair:6)
808 creatures vanquished.

Vanquished Creatures (collateral kills)
  A merfolk javelineer (Shoals:4)
  A merfolk avatar (Shoals:4)
  A merfolk (Shoals:4)
  2 orcs (Orc:2)
5 creatures vanquished.

Vanquished Creatures (others)
  A harpy (Shoals:4)
  A merfolk impaler (Shoals:4)
  An ironbound frostheart (IceCv)
  A manticore (D:15)
  2 polar bears (IceCv)
  2 slime creatures (D:15)
  A centaur simulacrum (D:15)
  A yak (D:9)
  A fire elemental (D:15)
  An orc warrior (Orc:2)
  A scorpion (D:4)
  An adder (D:4)
  A dart slug (D:4)
  An orc (D:4)
  An endoplasm (D:4)
  A giant cockroach (D:4)
  A goblin (D:4)
  A hobgoblin (D:4)
  A quokka (D:4)
  2 ball pythons (D:4)
  A kobold (D:4)
  18 fungi
  58 plants
100 creatures vanquished.

Grand Total: 913 creatures vanquished

Notes
Turn   | Place    | Note
-------+----------+-------------------------------------------
     0 | D:1      | KrombopulosMichael the Formicid Fighter began the quest for
                  | the Orb.
     0 | D:1      | Reached XP level 1. HP: 18/18 MP: 1/1
   183 | D:1      | Reached XP level 2. HP: 23/24 MP: 2/2
   760 | D:1      | Reached XP level 3. HP: 29/29 MP: 3/3
  1389 | D:2      | Reached XP level 4. HP: 35/37 MP: 4/4
  1641 | D:2      | Found Liasor's Armour Boutique.
  1768 | D:3      | Noticed Ijyb
  1782 | D:3      | Killed Ijyb
  1783 | D:3      | Reached skill level 1 in Dodging
  1783 | D:3      | Reached XP level 5. HP: 9/42 MP: 5/5
  2162 | D:3      | Found a snail-covered altar of Cheibriados.
  2183 | D:3      | Noticed Jessica
  2191 | D:3      | Killed Jessica
  2226 | D:3      | Found a white marble altar of Elyvilon.
  2600 | D:3      | Found a runed translucent door.
  2601 | D:3      | Noticed Crazy Yiuf
  2657 | D:3      | Killed Crazy Yiuf
  2658 | D:3      | Reached XP level 6. HP: 48/48 MP: 6/6
  2771 | D:4      | Noticed Sigmund
  2774 | D:4      | Killed Sigmund
  2775 | D:4      | Reached XP level 7. HP: 54/54 MP: 7/7
  3108 | D:4      | Found a shimmering altar of Xom.
  3174 | D:4      | Found a glowing golden altar of the Shining One.
  3202 | D:4      | Learned a level 1 spell: Animate Skeleton
  3247 | D:4      | Reached skill level 5 in Armour
  3331 | D:4      | Reached skill level 5 in Long Blades
  3335 | D:4      | Reached skill level 1 in Stealth
  3821 | D:2      | Bought a +1 pair of gloves of archery for 214 gold pieces
  4355 | D:5      | Entered Level 5 of the Dungeon
  4357 | D:5      | Found a staircase to the Ecumenical Temple.
  4367 | Temple   | Entered the Ecumenical Temple
  4669 | D:5      | Reached XP level 8. HP: 55/61 MP: 8/8
  4715 | D:5      | Reached skill level 5 in Shields
  5171 | D:5      | Noticed a rust devil
  5171 | D:5      | Noticed a rust devil
  5171 | D:5      | Found the +5 scythe "Finisher" {speed, eviscerate}
  5191 | D:6      | Reached skill level 1 in Short Blades
  5388 | D:6      | Reached skill level 5 in Fighting
  6465 | D:7      | Reached XP level 9. HP: 69/69 MP: 9/9
  6536 | D:7      | Noticed a hornet
  6584 | D:7      | Killed a hornet
  6585 | D:7      | Found an opulent altar of Gozag.
  6925 | D:8      | You fall into a shaft and drop 3 floors!
  6973 | D:12     | Noticed a gargoyle
  7068 | D:11     | Noticed a gargoyle
  7071 | D:11     | Killed a gargoyle
  7099 | D:11     | Noticed Maurice
  7110 | D:11     | Killed Maurice
  7111 | D:11     | Reached skill level 5 in Short Blades
  7111 | D:11     | Reached skill level 1 in Evocations
  7160 | D:12     | Noticed a two-headed ogre
  7170 | D:10     | Entered Level 10 of the Dungeon
  7247 | D:9      | Gained mutation: Your body sometimes deteriorates upon
                  | taking damage. [potion of mutation]
  7247 | D:9      | Gained mutation: Your magical capacity is low. (-10% MP)
                  | [potion of mutation]
  7247 | D:9      | Gained mutation: You are clumsy. (Dex -2) [potion of
                  | mutation]
  7318 | D:10     | Found a staircase to the Lair.
  7397 | D:8      | Noticed a hornet
  7399 | D:8      | Killed a hornet
  7400 | D:8      | Reached skill level 1 in Throwing
  7400 | D:8      | Reached XP level 10. HP: 65/77 MP: 9/9
  7538 | D:7      | Found Qeplouda's General Store.
  7767 | D:8      | Found a shimmering blue altar of Sif Muna.
  7774 | D:8      | Got Sif Muna's Collected Works on the Arsonist and Flight
  7779 | D:8      | Found a bloodstained altar of Trog.
  8053 | D:8      | Identified 3 scrolls of acquirement
  8053 | D:8      | Acquired a +5 quick blade
  8056 | D:8      | Acquired 279 gold pieces
  8058 | D:8      | Acquired 603 gold pieces
  8420 | D:8      | Noticed an efreet
  8420 | D:8      | Noticed a tengu warrior
  8513 | D:8      | Found a radiant altar of Vehumet.
  8514 | D:8      | Found a sacrificial altar of Ru.
  8778 | D:7      | Bought a +2 pair of gloves of strength for 301 gold pieces
  8802 | D:7      | Killed a rust devil
  9248 | D:9      | Reached XP level 11. HP: 83/86 MP: 9/9
  9657 | D:9      | Noticed a centaur warrior
  9676 | D:9      | Killed a centaur warrior
 10394 | D:10     | Lost mutation: Your magical capacity is low. (-10% MP)
                  | [potion of mutation]
 10394 | D:10     | Gained mutation: You are very clumsy. (Dex -4) [potion of
                  | mutation]
 10394 | D:10     | Gained mutation: Your spells are a little easier to cast,
                  | but a little less powerful. [potion of mutation]
 10473 | D:10     | Noticed a cyclops
 10488 | D:10     | Killed a cyclops
 10598 | D:10     | Reached skill level 10 in Short Blades
 11172 | Lair:1   | Entered Level 1 of the Lair of Beasts
 11197 | Lair:1   | Noticed Prince Ribbit
 11238 | Lair:1   | Killed Prince Ribbit
 11557 | Lair:1   | Reached XP level 12. HP: 97/97 MP: 12/12
 11817 | Lair:1   | Found a burning altar of Makhleb.
 12385 | Lair:2   | Reached skill level 10 in Fighting
 12550 | Lair:2   | Found a staircase to the Shoals.
 12567 | Lair:2   | Found a hole to the Spider Nest.
 12751 | Lair:2   | Reached skill level 5 in Dodging
 13640 | Lair:3   | Reached skill level 10 in Shields
 14032 | Lair:3   | Noticed a boulder beetle
 14065 | Lair:3   | Killed a boulder beetle
 14125 | Lair:3   | Noticed a catoblepas
 14164 | Lair:3   | Killed a catoblepas
 14165 | Lair:3   | Reached XP level 13. HP: 93/106 MP: 13/13
 14858 | Lair:4   | Reached skill level 5 in Stealth
 15072 | Lair:4   | Noticed an eight-headed hydra
 15088 | Lair:4   | Killed an eight-headed hydra
 15304 | Lair:4   | Noticed an eight-headed hydra
 15323 | Lair:4   | Killed an eight-headed hydra
 15933 | Lair:5   | Noticed a five-headed hydra
 15974 | Lair:5   | Killed a five-headed hydra
 16682 | Lair:5   | Reached skill level 10 in Armour
 17141 | Lair:6   | Entered Level 6 of the Lair of Beasts
 17208 | Lair:6   | Reached XP level 14. HP: 118/118 MP: 14/14
 17209 | Lair:6   | Found a staircase to the Slime Pits.
 17495 | Lair:6   | Identified the +9 hunting sling of the Extremely Mad
                  | {vorpal, rElec rN+ Int+6 Dex-4}
 18126 | Lair:6   | Found a shadowy altar of Dithmenos.
 21200 | D:12     | Found a radiant altar of Vehumet.
 21228 | D:12     | Found a portal to a secret trove of treasure.
 21247 | D:12     | Found a staircase to the Orcish Mines.
 21763 | D:13     | Reached XP level 15. HP: 127/127 MP: 15/15
 21947 | D:13     | Found a flagged portal.
 21956 | Bailey   | Entered a bailey
 22093 | Bailey   | Acquired 833 gold pieces
 22146 | Bailey   | Reached skill level 5 in Evocations
 23124 | D:13     | Learned a level 4 spell: Dispel Undead
 23128 | D:13     | Learned a level 3 spell: Mephitic Cloud
 23218 | D:14     | Identified the +1 trident of Wuggasinu {freeze, Dex+3}
 23252 | D:14     | Found a gate to the Vaults.
 23307 | D:14     | Found a stormy altar of Qazlal.
 23392 | D:14     | Reached skill level 15 in Fighting
 23440 | D:14     | Found a frozen archway.
 23445 | IceCv    | Entered an ice cave
 23640 | IceCv    | Identified the +8 ice dragon scales of Finijow {rF- rC++
                  | Str+7}
 23858 | IceCv    | Reached skill level 15 in Shields
 24529 | IceCv    | Identified the +1 pair of boots of Unreason {rElec Str+2
                  | Int+4}
 24632 | IceCv    | Noticed a shard shrike
 24892 | IceCv    | Killed a shard shrike
 24893 | IceCv    | Reached XP level 16. HP: 120/136 MP: 16/16
 24990 | IceCv    | Identified the ring "Raaneach" {Fly rN+}
 25664 | D:15     | Entered Level 15 of the Dungeon
 25665 | D:15     | Noticed Azrael
 26016 | D:15     | Noticed Rupert
 26043 | D:15     | Killed Rupert
 26098 | D:15     | Reached skill level 1 in Necromancy
 26276 | D:15     | Reached skill level 15 in Short Blades
 26584 | D:15     | Identified the ring of Existentialism {Will+ Dex+3}
 26669 | D:15     | Killed Azrael
 27355 | D:15     | Got Myeroaz's Almanac of Conjuration and Calling
 27601 | D:15     | Found a staircase to the Depths.
 27719 | Orc:1    | Entered Level 1 of the Orcish Mines
 27729 | Orc:1    | Reached XP level 17. HP: 145/145 MP: 17/17
 27845 | Orc:1    | Found a runed translucent gate.
 27845 | Orc:1    | Found a runed translucent gate.
 27845 | Orc:1    | Found a runed translucent gate.
 27855 | Orc:1    | Noticed Fousur's ghost (adept FoFi)
 27873 | Orc:1    | Found the +10 morningstar "Eos" {elec, Halo rElec}
 28305 | Orc:1    | Killed Fousur's ghost
 28651 | Orc:2    | Entered Level 2 of the Orcish Mines
 28696 | Orc:2    | Noticed Snorg
 28733 | Orc:2    | Killed Snorg
 28818 | Orc:2    | Found Dojyro's Armour Emporium.
 28818 | Orc:2    | Found Bomy's Antique Armour Boutique.
 28820 | Orc:2    | Found Supinase's Weapon Shop.
 28822 | Orc:2    | Found Seudoyc's Book Shoppe.
 28980 | Orc:2    | Found a staircase to the Elven Halls.
 29021 | Orc:2    | Found a gate leading to a gauntlet.
 29030 | Gauntlet | Entered a Gauntlet
 29030 | Gauntlet | Found a transporter.
 29035 | Gauntlet | Found a transporter.
 29038 | Gauntlet | Found a transporter.
 29047 | Gauntlet | Found a runed translucent gate.
 29047 | Gauntlet | Found a runed translucent gate.
 29047 | Gauntlet | Found a runed translucent gate.
 29051 | Gauntlet | Found a transporter.
 29053 | Gauntlet | Found a transporter.
 29064 | Gauntlet | Found a transporter.
 29080 | Gauntlet | Found a transporter.
 29084 | Gauntlet | Found a transporter.
 29103 | Gauntlet | Found a runed translucent door.
 29104 | Gauntlet | Found a transporter.
 29105 | Gauntlet | Found a runed translucent door.
 29108 | Gauntlet | Found a transporter.
 29129 | Gauntlet | Found a transporter.
 29129 | Gauntlet | Found a transporter.
 29160 | Gauntlet | Found a transporter.
 29164 | Gauntlet | Found a transporter.
 29319 | Gauntlet | Identified the +1 hat of Beogh's Esteem {Rampage}
 29469 | Gauntlet | Identified the +1 pair of gloves "Sappue" {MP+9}
 29491 | Gauntlet | Identified the +0 chain mail of Okawaru's Fury {MP+9 Int+4}
 29800 | Orc:2    | Bought a crystal plate armour for 2320 gold pieces
 29800 | Orc:2    | Bought a distressingly furry plate armour for 812 gold
                  | pieces
 29800 | Orc:2    | Identified the +0 plate armour of the Untouchables {rF-
                  | rCorr Dex+2} (You bought it in a shop on level 2 of the
                  | Orcish Mines)
 30225 | Shoals:1 | Entered Level 1 of the Shoals
 32146 | Shoals:2 | Noticed Ilsuiw
 32208 | Shoals:2 | Killed Ilsuiw
 33444 | Shoals:3 | Reached XP level 18. HP: 155/155 MP: 19/19
 33446 | Shoals:3 | Found a runed translucent door.
 33591 | Shoals:3 | Identified the +9 hand crossbow of the People {freeze,
                  | rElec Str+4}
 33944 | Shoals:4 | Entered Level 4 of the Shoals
 34422 | Shoals:4 | Got a barnacled rune of Zot
 34470 | Shoals:4 | Got Sif Muna's Handbook of Dark Ice
 34769 | Shoals:4 | HP: 7/156 [merfolk impaler (2)]
 34778 | Shoals:4 | Hit by a silver javelin thrown by a merfolk javelineer

Illustrated notes

Levels and vault maps discovered:
D:1:      onia_arrival_mini_spirals, layout_rooms, supply_closet_lemuel
D:2:      kennysheep_big_flooded_room, layout_rooms, serial_shops, shop,
          ebering_ecumenical_altar_abandoned
D:3:      layout_basic, nicolae_elyvilon_peaceful_grove, lemuel_tele_altar,
          uniq_jessica, uniq_ijyb, uniq_crazy_yiuf_cottage
D:4:      layout_loops_ring, xom_confusion_cloud, overflow_temple_1_default,
          kennysheep_donut, patterned_corridor, uniq_sigmund
D:5:      cheibrodos_iron_armory, layout_rooms,
          minmay_temple_entry_drinking_statues
D:6:      layout_rooms, hangedman_decor_growths
D:7:      layout_rooms, grunt_gozag_statues, serial_shops,
          nicolae_lakefront_shop
D:8:      layout_loops_cross, nzn_overflow_gifts_of_might_and_magic,
          gammafunk_temple_overflow_pools, minmay_misc_feat_four_crosses,
          onia_ninara_dug_in_and_dangerous
D:9:      layout_loops_ring
D:10:     minmay_inner_zag, layout_loops_ring, lair_entry_dummy
D:11:     layout_stronghold, kennysheep_generic_room_8, uniq_maurice
D:12:     layout_gridville, david_orc_3, nicolae_trove_entry_crossroad,
          vehumet_statue
D:13:     layout_basic, enter_bailey_2
D:14:     layout_basic, erik_vaults_1, nicolae_qazlal_scattered_showers,
          portal_ice_cave_entry_pillars_2
D:15:     grunt_enter_depths_hoard, layout_cave_pools, uniq_rupert, uniq_azrael
Temple:   nicolae_temple_figure_eight
Lair:1:   layout_roguey, basic_altar, lemuel_another_geyser, uniq_prince_ribbit2
Lair:2:   layout_roguey, shoals_dummy_entry, spider_nest_entry_rubble,
          beast_lair_carwin_4, grunt_megastairs_4
Lair:3:   layout_concentric_octagons, grunt_forest_small_clearing_treed
Lair:4:   layout_layer_cave
Lair:5:   layout_hall_layers, beast_lair_carwin_5, grunt_megastairs_5
Lair:6:   minmay_lair_end_enchanted_forest, layout_gridlike,
          minmay_slime_entry_pillars, minmay_lair_oklob_bushes,
          lemuel_centaur_altar
Shoals:1: layout_shoals
Shoals:2: layout_shoals, nicolae_shoals_land_atoll, uniq_ilsuiw
Shoals:3: layout_shoals, lightli_airlock
Shoals:4: shoals_end_hangedman, layout_shoals
Orc:1:    layout_caves, gammafunk_ghost_split, mines2_david
Orc:2:    st_orc_rangers, layout_caves, gauntlet_entry_generic, mines_bat_river,
          uniq_snorg

Skill      XL: |  1  2  3  4  5  6  7  8  9 10 11 12 13 14 15 16 17 18 |
---------------+-------------------------------------------------------+-----
Long Blades    | 3 4 5 6 7 8 |  8.0
Shields        | 4 5 6 7 8 10 12 14 15 | 15.7
Armour         | 4 5 6 7 9 10 11 12 13 | 13.7
Dodging        | 1 2 3 4 5 6 |  6.6
Fighting       | 4 5 6 8 9 11 13 14 15 16 17 | 17.9
Stealth        | 1 2 3 4 5 6 |  6.8
Short Blades   | 3 5 8 10 12 14 15 17 | 17.8
Evocations     | 1 3 4 5 6 7 8 |  8.3
Throwing       | 1 2 3 4 |  4.6
Necromancy     | 1 |  1.2
Slings         | |  0.2
Spellcasting   | |  0.8

Action                   |  1- 3 |  4- 6 |  7- 9 | 10-12 | 13-15 | 16-18 || total
-------------------------+-------+-------+-------+-------+-------+-------++-------
Melee: Long sword        |    97 |    98 |   236 |    34 |       |       ||   465
       Quick blade       |       |       |       |   807 |  1743 |  2073 ||  4623
 Fire: Hunting sling     |       |       |       |       |     6 |       ||     6
Throw: Throwing net      |       |     1 |     2 |       |       |       ||     3
       Javelin           |       |       |     7 |     4 |    50 |    26 ||    87
 Cast: Animate Skeleton  |       |       |       |       |       |     2 ||     2
 Abil: Dig               |     2 |     1 |    17 |    10 |    35 |    34 ||    99
Evoke: Wand              |       |     4 |    17 |    21 |    30 |    33 ||   105
       Piece from Xom's  |       |       |       |       |       |     4 ||     4
  Use: Potion            |     1 |     3 |     9 |     2 |     4 |     4 ||    23
       Scroll            |       |     8 |     7 |    11 |     3 |    10 ||    39
 Stab: Sleeping          |       |       |     3 |     2 |       |       ||     5
       Invisible         |       |       |     2 |       |       |       ||     2
       Petrified         |       |       |       |     1 |     2 |       ||     3
       Petrifying        |       |       |       |       |     1 |       ||     1
       Paralysed         |       |       |       |       |     4 |       ||     4
       Distracted        |       |       |       |       |     1 |     2 ||     3
       Confused          |       |       |       |       |       |     1 ||     1
Armor: Scale mail        |    41 |    10 |       |       |       |       ||    51
       Chain mail        |       |    12 |       |    10 |       |       ||    22
       Ring mail         |       |    16 |    65 |    46 |       |       ||   127
       Plate armour      |       |       |       |    29 |   177 |       ||   206
       Ice dragon scales |       |       |       |       |    37 |   110 ||   147
       Crystal plate arm |       |       |       |       |       |   227 ||   227
Dodge: Dodged            |    23 |    25 |    86 |    84 |   143 |   255 ||   616
Block: Kite shield       |    63 |    40 |   135 |   263 |   740 |   961 ||  2202
       Reflection        |       |       |       |     1 |    48 |    93 ||   142
       Rpst.: Long sword |     7 |     8 |    31 |     3 |       |       ||    49
